 BcadrenCrawl: Boulder Brew version 0.03.2.1-27-g9e5655dcad (webtiles) character file.

Game seed: 259715278880672757, levelgen mode: deterministic

16 esc the Whippersnapper (level 2, -1/21 HPs) Lignifite Berserker. Began on Jan 15, 2021. Was a Follower of Trog. Shot with a sling bullet by a goblin (8 damage) ... on level 1 of the Dungeon. The game lasted 00:00:16 (39 turns).

esc the Whippersnapper (Lignifite Berserker)          Turns: 39, Time: 00:00:17

Health: -1/21      AC:  1    Str: 22    XL:     2 ^: 17
Magic:  3/3        EV:  6    Int:  8    God:    Trog [1* [38]]
Gold:   8          SH:  1    Dex:  7    Spells: 1/1 levels left

rFire    x . .     Vision   .   a - +0 whip
rCold    . . .     Gourm    .   (weapon restricted)
rNeg     . . .     Faith    .   b - +0 animal skin
rPois    +         Spirit   .   (helmet restricted)
rElec    .         Reflect  .   (no cloak)
rCorr    .         Harm     .   (gloves unavailable)
MR       .....     Rnd*Rage +   (boots unavailable)
Stlth    +.........             (no amulet)
HPRegen  0.17/turn              (no ring)
MPRegen  0.13/turn              (no ring)

@: quick
A: very small, rF-, deformed body, speed 1, poison resistance, slow metabolism
1, torment resistance, plant, rot immunity
a: Berserk, Renounce Religion


You were on level 1 of the Dungeon.
You worshipped Trog.
Trog was aware of your devotion.
You were not hungry.

You visited 1 branch of the dungeon, and saw 1 of its levels.

You collected 8 gold pieces.

Inventory:

Weapons
 a - a +0 whip (weapon)
Armour
 b - a +0 animal skin (worn)
Scrolls
 e - a scroll of teleportation
Comestibles
 c - 3 rations
 d - 3 chunks of flesh


   Skills:
 + Level 3.3 Fighting
 + Level 3.6 Whips & Flails
 + Level 3.0 Dodging


You had one spell level left.
You didn't know any spells.
Your spell library was empty.

Dungeon Overview and Level Annotations

Branches:
Dungeon (1/8)

Altars:


Innate Abilities, Weirdness & Mutations

Your woody flesh burns easily. (rF-)
A tangle of shorter branches protects your body from attack. (+1 SH)
You are very small and have problems with some larger weapons.
You are too small for most types of armour.
Armour fits poorly on your strangely shaped body.
You cover ground quickly.
Your system is resistant to poisons. (rPois)
You have a slow metabolism.
You are immune to unholy pain and torment.
You require very little carbon dioxide to survive.
You are immune to rotting.
You frequently lose your temper in combat.
This godly rage surpasses even clarity. (*Rage)


Message History

You kill the rat!
Trog accepts your kill. The hobgoblin hits you (1).
You see here a rat corpse.
You closely miss the hobgoblin. You barely miss the hobgoblin.
The hobgoblin hits you but does no damage.
You barely miss the hobgoblin. The hobgoblin blocks your attack.
The hobgoblin hits you (4).
You barely miss the hobgoblin. x2
The hobgoblin hits you but does no damage.
A goblin comes into view.
You barely miss the hobgoblin. x2
The goblin shouts!
The hobgoblin hits you (1).
The goblin unwields a +0 dagger.
The goblin wields a +0 hunting sling.
The goblin shoots a sling bullet.
The sling bullet bug you (5).
The sling bullet ricochets!
The hobgoblin barely misses you (0).
The goblin shoots a sling bullet.
The sling bullet bug you (4).
The goblin shoots a sling bullet.
The sling bullet bug you (8)!
You die...

###......# #........#
#........# .# #.....#..#
.# #.....#..# .#
#.......†# .# ....#.g.#
.# # #..g#### ##.#####
#..@...## #......#
........##..## #÷#.#
.....#.###...###...###
...g..#.#.............#
......#.#.............#
....$.#....###...###....#
..... #....#<......#....#
#....#.......# ..##
#.#.............##


You could see 2 hobgoblins and a goblin.

Vanquished Creatures
  A giant cockroach (D:1)
  A ball python (D:1)
  A rat (D:1)
3 creatures vanquished.

Notes
Turn   | Place    | Note
-------+----------+-------------------------------------------
     0 | D:1      | esc the Lignifite Berserker began the quest for the Orb.
     0 | D:1      | Reached XP level 1. HP: 14/14 MP: 2/2
    17 | D:1      | Reached XP level 2. HP: 20/21 MP: 3/3
    39 | D:1      | Shot with a sling bullet by a goblin

Levels and vault maps discovered:
D:1:      minmay_arrival_open_corners, layout_basic, minmay_misc_feat_alley,
          gup_sewer_entry_glass

Skill      XL: |  1 |
---------------+----+-----
Dodging        | 3 |  3.0
Fighting       | |  3.3
Whips & Flails | |  3.6

Action                   || total
-------------------------++-------
Melee: Whip              ||     8
       Unarmed           ||     7
Armor: Animal skin       ||     2
Dodge: Dodged            ||     1
